 Dungeon Crawl Stone Soup version 0.29-a0-997-gf6f7e2dfe7 (webtiles) character file.

Game seed: 636971425662181489

2751 IdlyInterested the Spear-Bearer (level 9, -8/65 HPs)
             Began as a Demonspawn Fighter on Aug 4, 2022.
             Was an Initiate of Ashenzari.
             Mangled by a two-headed ogre
             ... wielding a +0 giant club
              (18 damage)
             ... on level 6 of the Dungeon.
             The game lasted 00:18:07 (5071 turns).

IdlyInterested the Spear-Bearer (DsFi)              Turns: 5071, Time: 00:18:08

Health: -8/65      AC: 12    Str: 20    XL:     9   Next: 41%
Magic:  15/15      EV:  7    Int: 10    God:    Ashenzari [......]
Gold:   339        SH:  4    Dex: 13    Spells: 16/16 levels left

rFire   + + .      SeeInvis .   h - +0 spear (freeze)
rCold   + . .      Faith    .   c - +0 buckler
rNeg    . . .      Spirit   .   s - +0 chain mail
rPois   .          Reflect  .   (no helmet)
rElec   .          Harm     .   r - +0 cloak
rCorr   .          Rampage  .   (no gloves)
Will    .....                   (no boots)
Stlth   ..........              n - amulet of Law {rF+ Regen+}
HPRegen 1.00/turn               J - ring of protection from fire
MPRegen 0.14/turn               K - ring of protection from cold

@: studying Maces & Flails
A: hooves 2, thin metallic scales 1, powered by death 1, demonic magic 2
a: Renounce Religion


You were on level 6 of the Dungeon.
You worshipped Ashenzari.
Ashenzari was noncommittal.
You visited 2 branches of the dungeon, and saw 7 of its levels.
You also visited: Sewer.

You collected 339 gold pieces.

Inventory:

Hand Weapons
 a - a +0 trident
 h - a +0 spear of freezing (weapon)
 w - a +0 spear
 x - a +0 spear
 y - a +0 spear
 C - a +0 trident
 H - the +4 scimitar "Killer Klown's Foe" {vorpal, rF+ Dex+4}
   (You found it on level 4 of the Dungeon)

   It inflicts extra damage upon your enemies.
   Dex:       It affects your dexterity (+4).
   rF:        It protects you from fire.
 I - a +0 scythe
 N - a +0 spear
Missiles
 G - an atropa-tipped dart (quivered)
Armour
 b - a +0 scale mail
 c - a +0 buckler (worn)
 r - a +0 cloak (worn)
 s - a +0 chain mail (worn)
 A - a +0 cloak
Jewellery
 n - the amulet of Law (around neck) {rF+ Regen+}
   (You found it on level 2 of the Dungeon)

   [amulet of regeneration]

   rF:        It protects you from fire.
   Regen:     It increases your rate of health regeneration.
 u - an amulet of guardian spirit
 J - a ring of protection from fire (left hand)
 K - a ring of protection from cold (right hand)
 M - a ring of ice
Scrolls
 e - 2 scrolls of fear {unknown}
 f - 2 scrolls of acquirement {unknown}
 i - 5 scrolls of teleportation {unknown}
 k - a scroll of summoning {unknown}
 l - 3 scrolls of poison {unknown}
 p - 3 scrolls of noise {unknown}
 t - 2 scrolls of enchant weapon {unknown}
 v - 11 scrolls of identify {unknown}
 B - a scroll of amnesia {unknown}
 D - 3 scrolls of blinking {unknown}
 E - 2 scrolls of torment {unknown}
 L - a scroll of vulnerability {unknown}
Potions
 d - a potion of might
 g - 4 potions of heal wounds {unknown}
 j - a potion of curing {unknown}
 m - 2 potions of haste {unknown}
 o - a potion of lignification {unknown}
 q - 4 potions of mutation {unknown}
 z - a potion of attraction {unknown}


   Skills:
 - Level 4.0 Fighting
 * Level 10.2 Polearms
 - Level 1.0 Throwing
 - Level 4.0 Armour
 + Level 1.7 Dodging
 - Level 1.0 Stealth
 - Level 2.6 Shields
 - Level 4.0 Spellcasting
 - Level 1.0 Evocations


You had 16 spell levels left.
You didn't know any spells.
Your spell library contained the following spells:

 Spells                   Type           Power      Damage    Failure   Level
 Stone Arrow              Conj/Erth      4%         3d7       100%        3
 Animate Armour           Summ/Erth      4%         N/A       100%        4
 Cause Fear               Hex            1%         N/A       100%        4
 Dragon Form              Tmut           1%         N/A       100%        7
 Lehudib's Crystal Spear  Conj/Erth      1%         10d2      100%        8
 Dragon's Call            Summ           1%         N/A       100%        9


Dungeon Overview and Level Annotations

Branches:
Dungeon (6/15)             Temple (1/1) D:4           Sewer (visited)

Altars:
Ashenzari
Cheibriados
Dithmenos
Gozag
Hepliaklqana
Kikubaaqudgha
Makhleb
Nemelex Xobeh
Okawaru
Qazlal
Trog
Uskayaw
Wu Jian
Yredelemnul


Innate Abilities, Weirdness & Mutations

You have hoof-like feet.
You are partially covered in thin metallic scales. (AC +2)
You regenerate a little health from kills.
Spells you cast may paralyse nearby enemies.


Message History

Press: ? - help, Q - select action Shift-Dir - straight line, f/p - two-headed ogre
Aim: a two-headed ogre, wielding two +0 giant clubs (lightly wounded, 74% to hit, chance to blind on hit: 3%)
You throw an atropa-tipped dart.
The atropa-tipped dart hits the two-headed ogre.
The two-headed ogre resists.
The two-headed ogre is lightly wounded.
Throw: 2 darts (atropa)
Press: ? - help, Q - select action Shift-Dir - straight line, f/p - two-headed ogre
Aim: a two-headed ogre, wielding two +0 giant clubs (lightly wounded, 74% to hit, chance to blind on hit: 3%)
You throw an atropa-tipped dart.
The atropa-tipped dart hits the two-headed ogre.
The two-headed ogre resists.
The two-headed ogre is lightly wounded.
You hit the two-headed ogre. You freeze the two-headed ogre.
The two-headed ogre is lightly wounded.
The two-headed ogre hits you with a +0 giant club!
You block the two-headed ogre's attack.
You hit the two-headed ogre. You freeze the two-headed ogre.
You kick the two-headed ogre.
The two-headed ogre is heavily wounded.
You barely miss the two-headed ogre.
The two-headed ogre is heavily wounded.
The two-headed ogre hits you with a +0 giant club!! x2
* * * LOW HITPOINT WARNING * * *
You hit the two-headed ogre. You freeze the two-headed ogre.
You kick the two-headed ogre.
The two-headed ogre is severely wounded.
You closely miss the two-headed ogre.
The two-headed ogre is severely wounded.
You block the two-headed ogre's attack. The two-headed ogre closely misses you.
You hit the two-headed ogre. You freeze the two-headed ogre.
The two-headed ogre is severely wounded.
You barely miss the two-headed ogre. You kick the two-headed ogre.
The two-headed ogre is severely wounded.
You hit the two-headed ogre. You freeze the two-headed ogre.
You kick the two-headed ogre.
The two-headed ogre is almost dead.
The two-headed ogre barely misses you.
The two-headed ogre hits you with a +0 giant club!!
You die...

. .. # .. ..( .. ######...# ..
#..@O(.# . ######.###### .
#......# ### ....#
#######.###### #.......#
#.......# #.###...# #......##
#.###.... #...>..# #####
##.###.... #.>....# ##...##
#...#.....
##......#######.....###...#.....


You could see a two-headed ogre.

Vanquished Creatures
  Prince Ribbit (D:5)
  Sigmund (D:5)
  Eustachio (D:6)
  3 yaks (D:5)
  Menkaure (D:5)
  Duvessa (D:5)
  A sky beast (D:6)
  2 ice beasts (D:6)
  A phantom (D:4)
  Blork the orc (D:5)
  3 bullfrogs (D:6)
  5 scorpions
  Dowan (D:5)
  3 jellies
  A howler monkey (D:6)
  2 hounds
  Crazy Yiuf (D:3)
  3 iguanas
  Terence (D:3)
  2 orc wizards (D:4)
  A gnoll (D:1)
  5 adders
  7 river rats
  2 white imps
  2 ufetubi
  5 worms
  5 dart slugs
  7 orcs (D:4)
  7 endoplasms
  A giant cockroach (D:1)
  7 goblins
  2 hobgoblins
  4 jackals (D:1)
  11 kobolds
  4 quokkas
  5 ball pythons
  5 bats
  10 frilled lizards
  12 rats
137 creatures vanquished.

Vanquished Creatures (others)
  8 toadstools (D:6)
8 creatures vanquished.

Grand Total: 145 creatures vanquished

Notes
Turn   | Place    | Note
-------+----------+-------------------------------------------
     0 | D:1      | IdlyInterested the Demonspawn Fighter began the quest for
                  | the Orb.
     0 | D:1      | Reached XP level 1. HP: 18/18 MP: 1/1
   156 | D:1      | Reached skill level 2 in Polearms
   156 | D:1      | Gained mutation: You regenerate a little health from kills.
                  | [demonic ancestry]
   156 | D:1      | Reached XP level 2. HP: 11/24 MP: 2/2
   430 | D:1      | Reached skill level 1 in Dodging
   821 | D:1      | Found a faded altar of an unknown god.
  1134 | D:2      | Gained mutation: You are partially covered in thin metallic
                  | scales. (AC +2) [demonic ancestry]
  1134 | D:2      | Reached XP level 3. HP: 29/29 MP: 3/3
  1141 | D:2      | Identified the amulet of Law {rF+ Regen+}
  1470 | D:2      | Reached skill level 3 in Polearms
  1582 | D:2      | Reached skill level 1 in Stealth
  1852 | D:3      | Noticed a scorpion
  1864 | D:3      | Killed a scorpion
  1865 | D:3      | Reached skill level 4 in Polearms
  1865 | D:3      | Reached skill level 1 in Evocations
  1865 | D:3      | Gained mutation: You have large cloven feet. [demonic
                  | ancestry]
  1865 | D:3      | Reached XP level 4. HP: 24/35 MP: 4/4
  1965 | D:3      | Found an opulent altar of Gozag.
  1967 | D:3      | Found a stormy altar of Qazlal.
  1969 | D:3      | Found a snail-covered altar of Cheibriados.
  2078 | D:3      | Found a runed translucent door.
  2079 | D:3      | Noticed Crazy Yiuf
  2371 | D:3      | Noticed Terence
  2380 | D:3      | Killed Terence
  2381 | D:3      | Gained mutation: Spells you cast may paralyse adjacent
                  | enemies. [demonic ancestry]
  2381 | D:3      | Reached XP level 5. HP: 40/41 MP: 5/5
  2554 | D:3      | Killed Crazy Yiuf
  2555 | D:3      | Reached skill level 1 in Throwing
  2679 | D:4      | Found a glowing drain.
  2690 | Sewer    | Entered a sewer
  2811 | Sewer    | Reached skill level 1 in Spellcasting
  2955 | Sewer    | Reached skill level 5 in Polearms
  2955 | Sewer    | Gained mutation: You have hoof-like feet. [demonic
                  | ancestry]
  2955 | Sewer    | Reached XP level 6. HP: 36/47 MP: 7/7
  3086 | D:4      | Found a staircase to the Ecumenical Temple.
  3144 | Temple   | Entered the Ecumenical Temple
  3364 | D:4      | Found an iron altar of Okawaru.
  3488 | D:4      | Noticed a +0 dagger
  3488 | D:4      | Noticed a +0 spear
  3489 | D:4      | Noticed a +0 short sword
  3489 | D:4      | Noticed a +0 falchion
  3489 | D:4      | Noticed a +0 short sword
  3489 | D:4      | Noticed a +0 falchion
  3491 | D:4      | Noticed a +0 dagger
  3491 | D:4      | Noticed a +0 spear
  3493 | D:4      | Identified the +4 scimitar "Killer Klown's Foe" {vorpal,
                  | rF+ Dex+4}
  3531 | D:4      | Found a hide-covered altar of Uskayaw.
  3881 | D:5      | Entered Level 5 of the Dungeon
  3898 | D:5      | Noticed Duvessa
  3900 | D:5      | Noticed Dowan
  3920 | D:5      | Killed Duvessa
  3921 | D:5      | Reached skill level 6 in Polearms
  3921 | D:5      | Gained mutation: Spells you cast may paralyse nearby
                  | enemies. [demonic ancestry]
  3921 | D:5      | Reached XP level 7. HP: 20/52 MP: 8/8
  3924 | D:5      | Killed Dowan
  3964 | D:5      | Noticed Sigmund
  3983 | D:5      | Killed Sigmund
  3984 | D:5      | Reached skill level 7 in Polearms
  4050 | D:5      | Noticed Menkaure
  4060 | D:5      | Killed Menkaure
  4061 | D:5      | Reached XP level 8. HP: 7/60 MP: 9/9
  4148 | D:5      | Noticed Prince Ribbit
  4174 | D:5      | Killed Prince Ribbit
  4175 | D:5      | Reached skill level 8 in Polearms
  4324 | D:5      | Reached skill level 9 in Polearms
  4373 | D:5      | Noticed Blork the orc
  4387 | D:5      | Killed Blork the orc
  4639 | D:6      | Reached XP level 9. HP: 65/65 MP: 13/13
  4694 | D:6      | Noticed Eustachio
  4725 | D:6      | Killed Eustachio
  4774 | D:6      | Found a broken altar of Ashenzari.
  4796 | D:6      | Became a worshipper of Ashenzari the Shackled
  4844 | D:6      | Reached skill level 10 in Polearms
  5058 | D:6      | Noticed a two-headed ogre
  5071 | D:6      | Mangled by a two-headed ogre

Illustrated notes

Levels and vault maps discovered:
D:1:      kennysheep_arrival_forest, layout_rooms, basic_ecumenical_altar,
          roderic_roman_lattice
D:2:      minmay_wonky_spiral, layout_basic, minmay_distorted
D:3:      layout_basic, minitemple, chequers_avenue, supply_closet_lemuel,
          grunt_ministairs_8, uniq_crazy_yiuf_cottage, uniq_terence
D:4:      layout_rooms, lemuel_tele_altar, nicolae_uskayaw_en_pointe,
          temple_pool_b, lightli_sewer_entry_pipes, corexii_leaking_fountain,
          minivault_4, solitary_fountain
D:5:      layout_gridville, uniq_menkaure, uniq_prince_ribbit1, uniq_duvessa,
          uniq_blork_the_orc, uniq_sigmund
D:6:      cheibrodos_fertilizer, layout_rooms, fedhas_altar_1,
          cheibrodos_ashenzari_chains, grunt_decor_junction, uniq_eustachio
Temple:   hellmonk_temple_beads

Skill      XL: |  1  2  3  4  5  6  7  8  9 |
---------------+----------------------------+-----
Polearms       | 2 4 5 6 7 9 10 | 10.2
Dodging        | 1 |  1.7
Stealth        | 1 |  1.0
Evocations     | 1 |  1.0
Throwing       | 1 |  1.0
Spellcasting   | 1 3 4 |  4.0
Armour         | 3 4 |  4.0
Fighting       | 4 |  4.0
Shields        | |  2.6

Action                   |  1- 3 |  4- 6 |  7- 9 || total
-------------------------+-------+-------+-------++-------
Melee: Trident           |    13 |       |       ||    13
       Spear             |   130 |   233 |   247 ||   610
       Kick              |       |    40 |    80 ||   120
Throw: Javelin           |       |     2 |     4 ||     6
       Dart              |       |       |     3 ||     3
Armor: Scale mail        |    56 |       |       ||    56
       Chain mail        |    27 |    91 |    98 ||   216
Dodge: Dodged            |    67 |    48 |    50 ||   165
Block: Buckler           |    36 |    35 |    38 ||   109

Table legend: (Time is in decaauts)
 A = Elapsed time spent in this place.
 B = Non-inter-level travel time spent in this place.
 C = Inter-level travel time spent in this place.
 D = Time resting spent in this place.
 E = Time spent auto-exploring this place.
 F = Levels seen in this place.
 G = Mean time per level.
                   A        B        C        D        E       F      G
               +--------+--------+--------+--------+--------+-----+--------+
         Total |   5086 |   4485 |    601 |    381 |   2348 |   8 |  635.8 |
       Dungeon |   4576 |   3975 |    601 |    381 |   2145 |   6 |  762.7 |
        Temple |    110 |    110 |      0 |      0 |     88 |   1 |  110.0 |
         Sewer |    399 |    399 |      0 |      0 |    115 |   1 |  399.0 |
               +--------+--------+--------+--------+--------+-----+--------+

Top non-repeatable levels by time:
     D:1: 1148 daAuts
     D:3: 924 daAuts
     D:4: 798 daAuts
     D:5: 721 daAuts
     D:2: 600 daAuts
   Sewer: 399 daAuts
     D:6: 382 daAuts
  Temple: 110 daAuts
